 Dungeon Crawl Stone Soup version 0.29.1-2-gbd0b4ee654 (webtiles) character file.

Game seed: 7150347593828063987

827 funnyparkerb the Digger (level 7, -3/40 HPs)
             Began as a Gargoyle Earth Elementalist on Nov 16, 2022.
             Was a Follower of Elyvilon.
             Slain by an ogre
             ... wielding a +0 giant club
              (15 damage)
             ... on level 6 of the Dungeon.
             The game lasted 00:08:42 (5802 turns).

funnyparkerb the Digger (GrEE)                      Turns: 5802, Time: 00:08:42

Health: -3/40      AC:  6    Str: 11    XL:     7   Next: 97%
Magic:  5/13       EV: 12    Int: 18    God:    Elyvilon [*.....]
Gold:   271        SH:  0    Dex: 10    Spells: 7/15 levels left

rFire   . . .      SeeInvis .   j - +1 dagger
rCold   . . .      Faith    +   (no shield)
rNeg    + + .      Spirit   .   a - +0 robe
rPois   ∞          Reflect  .   (no helmet)
rElec   +          Harm     .   m - scarf {shadows}
rCorr   .          Rampage  .   (no gloves)
Will    .....                   (no boots)
Stlth   ++........              v - amulet of faith
HPRegen 0.13/turn               r - ring of positive energy
MPRegen 0.13/turn               (no ring)

@: no status effects
A: sickness immunity, AC +4, negative energy resistance 1, electricity
resistance, torment resistance 1, petrification resistance
a: Renounce Religion, Purification


You were on level 6 of the Dungeon.
You worshipped Elyvilon.
Elyvilon was aware of your devotion.
You visited 2 branches of the dungeon, and saw 7 of its levels.

You collected 271 gold pieces.

Inventory:

Hand Weapons
 j - a +1 dagger (weapon)
Missiles
 p - a throwing net
Armour
 a - a +0 robe (worn)
 m - a scarf of shadows (worn)
Jewellery
 r - a ring of positive energy (left hand)
 v - an amulet of faith (around neck)
Wands
 s - a wand of iceblast (11)
Scrolls
 d - 2 scrolls of poison {unknown}
 e - a scroll of butterflies {unknown}
 f - a scroll of magic mapping {unknown}
 g - a scroll of enchant weapon
 i - a scroll of enchant armour {unknown}
 k - 3 scrolls of noise {unknown}
 l - 3 scrolls of teleportation {unknown}
 n - 5 scrolls of identify {unknown}
 u - a scroll of summoning {unknown}
 x - a scroll of amnesia {unknown}
Potions
 b - a potion of mutation {unknown}
 c - a potion of curing {unknown}
 h - 2 potions of haste {unknown}
 o - a potion of ambrosia {unknown}
 q - 2 potions of flight {unknown}
 t - a potion of degeneration {unknown}
 w - a potion of might {unknown}
 z - a potion of resistance {unknown}
 A - a potion of berserk rage {unknown}


   Skills:
 + Level 2.0 Fighting
 + Level 2.3 Dodging
 - Level 2.1 Stealth
 + Level 4.6 Spellcasting
 + Level 4.3 Conjurations
 - Level 1.6 Transmutations
 + Level 6.7 Earth Magic


You had 7 spell levels left.
You knew the following spells:

 Your Spells              Type           Power      Damage    Failure   Level
a - Sandblast             Erth           56%        2d13      1%          1
b - Stone Arrow           Conj/Erth      48%        3d10      4%          3
c - Petrify               Tmut/Erth      19%        N/A       26%         4

Your spell library contained the following spells:

 Spells                   Type           Power      Damage    Failure   Level
 Passwall                 Tmut/Erth      15%        N/A       3%          2
 Beastly Appendage        Tmut           18%        N/A       7%          1
 Wereblood                Tmut           9%         N/A       11%         2
 Spider Form              Tmut/Pois      7%         N/A       30%         3


Dungeon Overview and Level Annotations

Branches:
Dungeon (6/15)             Temple (1/1) D:4

Altars:
Ashenzari
Dithmenos
Elyvilon
Gozag
Hepliaklqana
Makhleb
Nemelex Xobeh
Ru
The Shining One


Innate Abilities, Weirdness & Mutations

You are immune to sickness and miasma.
Your stone body is resilient. (AC +4)
You are immune to poison.
You resist negative energy. (rN+)
You are resistant to electric shocks. (rElec)
You are resistant to unholy torment.
You are immune to petrification.


Message History

The blast of sand hits the orc!!
You kill the orc!
You can't see any susceptible monsters within range! (Use Z to cast anyway.)
You can't see any susceptible monsters within range! (Use Z to cast anyway.) Magic restored.
Things that are here:
a +0 flail; 3 boomerangs Done exploring.
Done exploring.
You can't go down here!
There is a stone staircase leading down here.
You climb downwards.
There is a stone staircase leading up here.
An ogre comes into view. It is wielding a +0 giant club.
An ogre is nearby!
The blast of sand hits the ogre!
The ogre is moderately wounded.
The blast of sand hits the ogre!
The ogre is severely wounded.
The ogre hits you with a +0 giant club!!
Ouch! That really hurt!
* * * LOW HITPOINT WARNING * * *
You are too injured to fight recklessly!
Casting: Sandblast (safe; 1% risk of failure)
Confirm with . or Enter, or press ? or * to list all spells.
Aiming: Stone Arrow (dangerous; 4% risk of failure)
Press: ? - help, Shift-Dir - straight line, f/p - ogre
Aim: an ogre, wielding a +0 giant club (severely wounded, 86% to hit)
The stone arrow misses the ogre.
The ogre hits you with a +0 giant club!!
Elyvilon protects you from harm!
Casting: Stone Arrow (dangerous; 4% risk of failure)
Confirm with . or Enter, or press ? or * to list all spells.
Aiming: Stone Arrow (dangerous; 4% risk of failure)
Press: ? - help, Shift-Dir - straight line, f/p - ogre
Aim: an ogre, wielding a +0 giant club (heavily wounded, 86% to hit)
The stone arrow hits the ogre!
The ogre is almost dead.
The ogre hits you with a +0 giant club!
You die...

####
#<.#
#.## #.#
#.# #.#
#.# #.#
#@#
#.O.....
########


You could see an ogre.

Vanquished Creatures
  An ogre (D:4)
  2 centaurs (D:5)
  A phantom (D:5)
  A scorpion (D:4)
  2 hounds (D:5)
  A jelly (D:4)
  An orc priest (D:5)
  A gnoll bouda (D:5)
  An iguana (D:4)
  An orc wizard (D:5)
  8 adders
  7 gnolls
  5 worms
  4 dart slugs
  10 orcs
  8 endoplasms
  4 giant cockroaches
  9 goblins
  6 hobgoblins
  3 kobolds
  3 quokkas
  9 ball pythons
  7 bats
  2 frilled lizards
  6 rats
103 creatures vanquished.

Vanquished Creatures (others)
  5 plants (D:2)
5 creatures vanquished.

Grand Total: 108 creatures vanquished

Notes
Turn   | Place    | Note
-------+----------+-------------------------------------------
     0 | D:1      | funnyparkerb the Gargoyle Earth Elementalist began the
                  | quest for the Orb.
     0 | D:1      | Reached XP level 1. HP: 10/10 MP: 3/3
   345 | D:1      | Reached skill level 1 in Transmutations
   387 | D:1      | Reached XP level 2. HP: 15/15 MP: 1/5
   656 | D:1      | Reached skill level 4 in Earth Magic
  1203 | D:2      | Reached XP level 3. HP: 19/19 MP: 3/6
  1437 | D:2      | Learned a level 3 spell: Stone Arrow
  1841 | D:2      | Found a faded altar of an unknown god.
  1953 | D:2      | Reached XP level 4. HP: 21/24 MP: 5/8
  2074 | D:2      | Reached skill level 1 in Conjurations
  3069 | D:3      | Reached XP level 5. HP: 28/28 MP: 7/9
  3175 | D:3      | Found a hazy altar of Hepliaklqana.
  3210 | D:3      | Found a glowing golden altar of the Shining One.
  3218 | D:3      | Reached skill level 5 in Earth Magic
  3224 | D:3      | HP: 1/28 [gnoll/+0 club (4)]
  4073 | D:4      | Reached XP level 6. HP: 32/32 MP: 8/11
  4151 | D:4      | Found a staircase to the Ecumenical Temple.
  4159 | Temple   | Entered the Ecumenical Temple
  4205 | Temple   | Became a worshipper of Elyvilon the Healer
  4811 | D:5      | Entered Level 5 of the Dungeon
  4817 | D:5      | Reached skill level 6 in Earth Magic
  4856 | D:5      | Found a burning altar of Makhleb.
  4927 | D:5      | Reached XP level 7. HP: 26/36 MP: 5/13
  4932 | D:5      | Learned a level 4 spell: Petrify
  5041 | D:5      | Reached * piety under Elyvilon
  5141 | D:5      | Reached skill level 1 in Fighting
  5801 | D:6      | Elyvilon protects you from harm!
  5802 | D:6      | Slain by an ogre

Illustrated notes

Levels and vault maps discovered:
D:1:      nicolae_arrival_somewhat_less_tricky_arrival, layout_basic
D:2:      layout_loops_corners, dreamdust_ecumenical_altar_hidden_monk_grotto,
          serial_forest, infiniplex_forest_clump_diagonal,
          infiniplex_forest_lined_room_3, infiniplex_forest_corner_1,
          infiniplex_forest_straight_2, infiniplex_forest_clump_double,
          infiniplex_forest_lined_2, infiniplex_forest_clump_small
D:3:      layout_basic, mainiacjoe_overflow_six_doors_small,
          nicolae_tso_swordbearing_angel, nrook_loot_triangle, moated_statue,
          chequers_serial_rivers_small_b, columned_hall_lemuel,
          minmay_fractal_squares_5
D:4:      layout_rooms, minmay_temple_entry_junction
D:5:      layout_rooms, lemuel_tele_altar, hangedman_decor_diamond_cutter
D:6:      layout_basic, nzn_wu_jian_council_hall, serial_shops, shop,
          shop_coins, shop, shop, nicolae_shop_statue_plus,
          hangedman_decor_lopped, eino_small_chamber_without_monster,
          uniq_crazy_yiuf_cottage
Temple:   compressed_dpeg_triangle_lava_temple

Skill      XL: |  1  2  3  4  5  6  7 |
---------------+----------------------+-----
Transmutations | 1 |  1.6
Earth Magic    | 4 5 6 |  6.7
Conjurations   | 1 2 3 4 |  4.3
Spellcasting   | 3 4 |  4.6
Fighting       | 2 |  2.0
Dodging        | 2 |  2.3
Stealth        | |  2.1

Action                   |  1- 3 |  4- 6 |  7- 9 || total
-------------------------+-------+-------+-------++-------
Melee: Unarmed           |    11 |       |       ||    11
       Dagger            |     5 |     4 |    13 ||    22
 Cast: Sandblast         |    47 |    86 |    27 ||   160
       Stone Arrow       |       |     5 |     5 ||    10
  Use: Potion            |     1 |     2 |     1 ||     4
       Scroll            |       |     1 |       ||     1
Armor: Robe              |    10 |     8 |    17 ||    35
Dodge: Dodged            |    13 |    14 |    31 ||    58
